 Dungeon Crawl Stone Soup version 0.24-a0-368-g0e0cebd0f3 (webtiles) character file.

Game seed: 5571313911935239685

37 MachJacob the Chopper (level 3, 0/33 HPs)
             Began as a Hill Orc Monk on May 29, 2019.
             Succumbed to an adder's poison
             ... on level 2 of the Dungeon.
             The game lasted 00:03:26 (1494 turns).

MachJacob the Chopper (Hill Orc Monk)               Turns: 1494, Time: 00:03:26

Health: 0/33       AC: 11    Str: 13 (14) XL:     3   Next: 39%
Magic:  3/3        EV:  3    Int: 13 (15) God:
Gold:   105        SH:  0    Dex: 11 (13) Spells: 2/2 levels left

rFire    . . .     SeeInvis .   d - +2 whip (venom)
rCold    . . .     Gourm    .   (no shield)
rNeg     . . .     Faith    .   e - +0 plate armour
rPois    .         Spirit   .   (no helmet)
rElec    .         Reflect  .   (no cloak)
rCorr    .         Harm     .   f - +0 pair of gloves
MR       .....                  (no boots)
Stlth    ..........             (no amulet)
HPRegen  0.11/turn              (no ring)
MPRegen  0.08/turn              (no ring)

@: brilliant, lethally poisoned (0 -> -12), berserk cooldown, slowed, very slow
A: no striking features
a: no special abilities


You were on level 2 of the Dungeon.
You were not hungry.

You visited 1 branch of the dungeon, and saw 2 of its levels.

You collected 105 gold pieces.

Inventory:

Hand Weapons
 a - a +0 hand axe
 d - a +2 whip of venom (weapon)
Missiles
 g - 19 sling bullets
 h - 28 stones (quivered)
Armour
 b - a +0 robe
 e - a +0 plate armour (worn)
 f - a +0 pair of gloves (worn)
Jewellery
 n - a cursed amulet of inaccuracy {unknown}
 q - a cursed ring of teleportation {unknown}
Scrolls
 k - a scroll of enchant armour {unknown}
 l - a scroll of blinking {unknown}
 o - a scroll of immolation {unknown}
 p - a scroll of teleportation {unknown}
 s - a scroll of identify {unknown}
Potions
 r - a potion of brilliance
Comestibles
 c - 5 rations
 j - 3 chunks of flesh


   Skills:
 + Level 4.1 Fighting
 * Level 5.0 Axes
 + Level 2.7 Dodging
 - Level 1.5 Stealth


You had 2 spell levels left.
You didn't know any spells.
Your spell library was empty.

Dungeon Overview and Level Annotations

Branches:
Dungeon (2/15)

Altars:
The Shining One


Message History

You whack the adder!
The adder is almost dead.
* * * LOW HITPOINT WARNING * * *
You feel sick.
You whack the adder!
You kill the adder!
Your Axes skill increases to level 5!
You are too berserk!
Unknown command.
* * * LOW HITPOINT WARNING * * *
You feel sick.
There is a lethal amount of poison in your body!
You feel a strong urge to attack something.
* * * LOW HITPOINT WARNING * * *
You feel sick.
You are too berserk!
You are no longer berserk.
You are exhausted.
You feel yourself slow down.
You die...

#.......####.#####.#
####.#### #..÷..... #.#
######### ##.######
#.......########
..#######.##.##.##.....#
.............##.##.....#
...........#....(......#
#
.[......†@...##.##.....#
#
.....###........##.....#
# ####
#........######### #
#........# #........# #
#####...## # #.#### #
#....###########
####............


There were no monsters in sight!

Vanquished Creatures
  An adder (D:2)
  A bat (D:2)
  5 giant cockroaches (D:1 D:2)
  4 goblins (D:1)
  2 hobgoblins (D:1 D:2)
  4 jackals (D:1)
  5 kobolds (D:1 D:2)
  2 rats (D:1)
24 creatures vanquished.

Notes
Turn   | Place    | Note
-------+----------+-------------------------------------------
     0 | D:1      | MachJacob the Hill Orc Monk began the quest for the Orb.
     0 | D:1      | Reached XP level 1. HP: 19/19 MP: 1/1
   482 | D:1      | Reached XP level 2. HP: 27/27 MP: 2/2
   515 | D:1      | Found a glowing golden altar of the Shining One.
  1381 | D:2      | Reached XP level 3. HP: 33/33 MP: 3/3
  1491 | D:2      | Reached skill level 5 in Axes
  1493 | D:2      | HP: 2/49 [poisoned by an adder]
  1494 | D:2      | Succumbed to an adder's poison

Levels and vault maps discovered:
D:1:      scummos_arrival_forest, layout_basic, minmay_misc_feat_alley,
          chequers_serial_rivers_small_a, tso_metal_star
D:2:      layout_loops_cross, first_ration

Skill      XL: |  1  2  3 |
---------------+----------+-----
Fighting       | 4 |  4.1
Axes           | 5 |  5.0
Dodging        | |  2.7
Stealth        | |  1.5

Action                   || total
-------------------------++-------
Melee: Whip              ||    89
       Hand axe          ||     4
  Use: Potion            ||     3
  Eat: Chunk             ||     2
Armor: Plate armour      ||    54
       Robe              ||     1
Dodge: Dodged            ||    20

Table legend:
 A = Non-vault XP
 B = Vault XP
 C = Vault XP percentage of total XP
 D = Non-vault monster count
 E = Vault monster count
 F = Vault count percentage of total count
                 A         B        C        D         E       F
            +---------+---------+-------+---------+---------+-------
      Total |      53 |       0 |   0.0 |      24 |       0 |   0.0
            +---------+---------+-------+---------+---------+-------
        D:1 |      31 |       0 |   0.0 |      18 |       0 |   0.0
        D:2 |      22 |       0 |   0.0 |       6 |       0 |   0.0
            +---------+---------+-------+---------+---------+-------
